[Event "Titled Tuesday Blitz August 02 Late 2022"]
[White "Vasquez Schroeder, Rodrigo"]
[Black "Maltsevskaya, Aleksandra"]
[WhiteFideId "3400042"]
[BlackFideId "24174041"]
[WhiteElo "2567"]
[BlackElo "2243"]
[Result "1-0"]
[Round "05"]
[TimeControl "180+1"]
[Date "2022.08.02"]
[WhiteClock "0:00:50"]
[BlackClock "0:00:01"]

1. e4 c5 2. Nf3 e6 3. d4 cxd4 4. Nxd4 Nf6 5. Nc3 Nc6 6. Ndb5 Bc5 7. Bf4 O-O 8. Bd6 Bxd6 9. Nxd6 a6 10. Qd2 b5 11. Be2 Ne8 12. O-O Nxd6 13. Qxd6 Bb7 14. Rfd1 Rc8 15. e5 Qg5 16. Bf3 Ba8 17. Re1 Qe7 18. Ne4 Rfd8 19. Rad1 Qxd6 20. Nxd6 Rc7 21. c3 Kf8 22. Be4 Ke7 23. f4 f5 24. Bxc6 Bxc6 25. Rd4 h6 26. g3 g5 27. Kf2 a5 28. a3 Rb8 29. Re3 Bd5 30. Nxf5+ exf5 31. Rxd5 b4 32. axb4 axb4 33. Rd2 gxf4 34. gxf4 bxc3 35. bxc3 Rc4 36. Rd4 Rb2+ 37. Kf3 Rxd4 38. cxd4 Rd2 39. Ra3 Rxd4 40. Ra6 d6 41. Ra7+ Ke6 42. exd6 Rd3+ 43. Kf2 Kxd6 44. Ra5 Ke6 45. Kg2 h5 46. Re5+ Kf6 47. Rc5 Ke6 48. Re5+ Kf6 49. Kf2 Rd4 50. Ke3 Ra4 51. Rd5 Ra3+ 52. Rd3 Rxd3+ 53. Kxd3 Ke6 54. Kc4 Kd6 55. Kd4 h4 56. h3 Ke6 57. Kc5 1-0


[Site "https://www.chess.com"]

[Event "Titled Tuesday Blitz August 02 Late 2022"]
[White "Wagner, Dennis"]
[Black "Araujo Sanchez, Josue"]
[WhiteFideId "24650684"]
[BlackFideId "6416896"]
[WhiteElo "2355"]
[BlackElo "2358"]
[Result "1-0"]
[Round "05"]
[TimeControl "180+1"]
[Date "2022.08.02"]
[WhiteClock "0:00:28"]
[BlackClock "0:01:16"]

1. e4 c5 2. Nf3 d6 3. d4 cxd4 4. Nxd4 Nf6 5. Nc3 a6 6. f3 e5 7. Nb3 Be7 8. Be3 h5 9. Qd2 Be6 10. Nd5 Nxd5 11. exd5 Bf5 12. Be2 Nd7 13. O-O Qc7 14. c4 b6 15. Rac1 O-O 16. f4 exf4 17. Bxf4 Bg6 18. Nd4 Ne5 19. b4 Rfe8 20. Bxe5 dxe5 21. Nc6 Bf8 22. c5 bxc5 23. bxc5 e4 24. Qe3 f5 25. Kh1 Kh7 26. Qh3 Qf7 27. Bxh5 Bxh5 28. Rxf5 Qxf5 29. Qxf5+ Bg6 30. Qh3+ Kg8 31. d6 Rec8 32. Qe6+ Bf7 33. Qxe4 a5 34. d7 Rc7 35. d8=Q Rxd8 36. Nxd8 Rxc5 37. Rxc5 1-0


[Site "https://www.chess.com"]

[Event "Titled Tuesday Blitz August 02 Late 2022"]
[White "Yanchenko, Roman"]
[Black "Riehle, Marco"]
[WhiteFideId "4137329"]
[BlackFideId "12904392"]
[WhiteElo "2514"]
[BlackElo "2462"]
[Result "1/2-1/2"]
[Round "05"]
[TimeControl "180+1"]
[Date "2022.08.02"]
[WhiteClock "0:00:39"]
[BlackClock "0:00:34"]

1. d4 d5 2. c4 e6 3. Nc3 c5 4. cxd5 cxd4 5. Qxd4 Nc6 6. Qa4 exd5 7. Nf3 d4 8. Ne4 Nf6 9. Nxf6+ Qxf6 10. g3 Bb4+ 11. Bd2 Bxd2+ 12. Nxd2 O-O 13. Bg2 Re8 14. O-O Rxe2 15. Rae1 Bg4 16. Ne4 Qg6 17. Nc5 Rae8 18. Rc1 Bc8 19. Nxb7 Bxb7 20. Bxc6 Bxc6 21. Rxc6 Qd3 22. Rcc1 h6 23. Rcd1 Qc2 24. Rxd4 Qxb2 25. Qxa7 Qxa2 26. Qxa2 Rxa2 27. Rf4 g5 28. Rb4 Kg7 29. h4 f6 30. hxg5 hxg5 31. Kg2 Kg6 32. g4 Ree2 33. Rc4 Reb2 34. Rd4 Rb6 35. Re4 Rb3 36. Rd4 Rc2 37. Rh1 Rbb2 38. Rf1 Rc3 39. Re4 Rbc2 40. Rh1 Rc4 41. Rxc4 Rxc4 42. Kg3 f5 43. gxf5+ Kxf5 44. f3 Rc2 45. Ra1 Rb2 46. Ra5+ Kg6 47. Rc5 Ra2 1/2-1/2


[Site "https://www.chess.com"]

[Event "Titled Tuesday Blitz August 02 Late 2022"]
[White "Baltaci, Ismail Tarik"]
[Black "Saydaliev, Saidakbar"]
[WhiteFideId "6365213"]
[BlackFideId "14203693"]
[WhiteElo "2298"]
[BlackElo "2265"]
[Result "0-1"]
[Round "06"]
[TimeControl "180+1"]
[Date "2022.08.02"]
[WhiteClock "0:00:01"]
[BlackClock "0:00:08"]

1. e4 e5 2. Nf3 Nc6 3. Bb5 a6 4. Ba4 Nf6 5. O-O Nxe4 6. d4 b5 7. Bb3 d5 8. dxe5 Be6 9. c3 Be7 10. Nbd2 Nc5 11. Bc2 b4 12. Nb3 bxc3 13. bxc3 O-O 14. Nbd4 Nxd4 15. cxd4 Ne4 16. Re1 c5 17. Bxe4 dxe4 18. Rxe4 Bd5 19. Rf4 Bxf3 20. Qxf3 cxd4 21. Rg4 Qb6 22. Qg3 g6 23. Bh6 Rfd8 24. Rd1 d3 25. h4 Rac8 26. h5 Qe6 27. hxg6 hxg6 28. Re4 Rc4 29. Rxc4 Qxc4 30. Bg5 Bxg5 31. Qxg5 Qd5 32. Rd2 Re8 33. Qe3 Rd8 34. f4 Qc4 35. Kf2 Rd4 36. g3 Qc3 37. Kf3 Rd8 38. f5 Qc4 39. fxg6 fxg6 40. Kg2 Qd5+ 41. Kh2 Kg7 42. Kg1 Rh8 43. Qxd3 Qh1+ 44. Kf2 Rh2+ 45. Ke3 Qe1+ 46. Re2 Qc1+ 47. Kf3 Qc6+ 48. Qe4 Qc3+ 49. Re3 Qc1 50. Qb7+ Kh6 0-1


[Site "https://www.chess.com"]

[Event "Titled Tuesday Blitz August 02 Late 2022"]
[White "Clarke, Brandon G I"]
[Black "Makarian, Rudik"]
[WhiteFideId "400319"]
[BlackFideId "44105681"]
[WhiteElo "2414"]
[BlackElo "2403"]
[Result "0-1"]
[Round "06"]
[TimeControl "180+1"]
[Date "2022.08.02"]
[WhiteClock "0:00:11"]
[BlackClock "0:00:06"]

1. e4 c5 2. Nf3 d6 3. Bb5+ Nd7 4. O-O a6 5. Bd3 Ngf6 6. c3 b5 7. a4 b4 8. Re1 Bb7 9. a5 e6 10. Bc2 Rc8 11. d4 cxd4 12. cxd4 Qc7 13. Bd3 Bxe4 14. Bxa6 Ra8 15. Qe2 Bxf3 16. gxf3 d5 17. Nd2 Bd6 18. Nb3 Bxh2+ 19. Kg2 O-O 20. Bd2 Qd6 21. Bb7 Ra7 22. a6 Bf4 23. Rh1 Rb8 24. Be1 g6 25. Qb5 Qc7 26. Bxb4 Raxb7 27. axb7 Rxb7 28. Ra8+ Kg7 29. Qa4 Qb6 30. Bd2 Bxd2 31. Nxd2 Nh5 32. Rh4 Qxb2 33. Nf1 Nb6 34. Qa6 Nxa8 35. Qxa8 Qb6 36. Ne3 Rb8 37. Qa1 Qd8 38. Qh1 Rb2 39. Qh2 Qg5+ 40. Kf1 Rb1+ 41. Ke2 Nf6 42. f4 Qg1 43. Qxg1 Rxg1 44. f3 h5 45. Rh2 Ra1 46. Kd3 Ra3+ 47. Kd2 Ra2+ 48. Nc2 Ng8 49. Rh1 Ne7 50. Kd3 Nf5 51. Rb1 h4 52. Rh1 Kf6 53. Nb4 Ra3+ 54. Kd2 Rxf3 55. Nc6 Rxf4 56. Kc3 Rf3+ 57. Kb4 h3 0-1


[Site "https://www.chess.com"]

[Event "Titled Tuesday Blitz August 02 Late 2022"]
[White "Djordjevic, Vuk"]
[Black "Piesik, Piotr"]
[WhiteFideId "902098"]
[BlackFideId "1136194"]
[WhiteElo "2456"]
[BlackElo "2242"]
[Result "1-0"]
[Round "06"]
[TimeControl "180+1"]
[Date "2022.08.02"]
[WhiteClock "0:00:07"]
[BlackClock "0:00:05"]

1. d4 c5 2. d5 e5 3. e4 d6 4. Nf3 Be7 5. h3 a6 6. c4 Nf6 7. Bd3 O-O 8. Nc3 b5 9. cxb5 axb5 10. Bxb5 Ba6 11. Qe2 Bxb5 12. Qxb5 Na6 13. O-O Qc7 14. Qe2 Rfb8 15. Nd2 Nd7 16. Nc4 Nb6 17. b3 Nxc4 18. bxc4 Qd7 19. Bd2 Nb4 20. Nb5 Nc2 21. a4 Nxa1 22. Rxa1 f5 23. a5 Ra6 24. Bc3 fxe4 25. Qxe4 Bd8 26. f4 exf4 27. Qxf4 Be7 28. Re1 Bf8 29. Re6 Rxb5 30. cxb5 Qxb5 31. Kh2 Ra7 32. Be1 Rf7 33. Qe3 Qc4 34. Qe4 Qf1 35. Bg3 Qa6 36. Qa4 Qa8 37. Qc6 Qxa5 38. Bxd6 Bxd6+ 39. Qxd6 h6 40. Re8+ Kh7 41. Qe6 Qc7+ 42. d6 Qd7 43. Qe4+ g6 44. Qe5 Rg7 45. Re7 Rxe7 46. Qxe7+ 1-0


[Site "https://www.chess.com"]

[Event "Titled Tuesday Blitz August 02 Late 2022"]
[White "Drygalov, Sergey"]
[Black "Wieczorek, Oskar"]
[WhiteFideId "24171743"]
[BlackFideId "1133950"]
[WhiteElo "2523"]
[BlackElo "2330"]
[Result "0-1"]
[Round "06"]
[TimeControl "180+1"]
[Date "2022.08.02"]
[WhiteClock "0:00:03"]
[BlackClock "0:00:17"]

1. d4 Nf6 2. c4 c5 3. d5 g6 4. Nc3 d6 5. e4 Bg7 6. h3 O-O 7. Nf3 e6 8. Bd3 Na6 9. Be3 exd5 10. cxd5 Nc7 11. O-O b5 12. a3 Re8 13. Nd2 Rb8 14. Rc1 a5 15. b4 axb4 16. axb4 cxb4 17. Na2 Na6 18. Qb3 Nd7 19. Nxb4 Ndc5 20. Bxc5 Nxc5 21. Qc2 Bd7 22. Nb3 Rc8 23. Nc6 Bxc6 24. dxc6 Nxd3 25. Qxd3 b4 26. Rfd1 Bc3 27. Nd4 Qb6 28. h4 h5 29. Rc2 Bxd4 30. Qxd4 Rxc6 31. Rxc6 Qxc6 32. Qxb4 Qxe4 33. Qxe4 Rxe4 34. Rxd6 Rxh4 35. g3 Ra4 36. Kg2 Ra7 37. Rb6 Kg7 38. Rd6 f6 39. Rc6 g5 40. Rb6 Kg6 41. Rd6 Ra5 42. Rc6 Kf5 43. Rc4 Re5 44. Rb4 Re4 45. Rb5+ Kg6 46. Ra5 Rb4 47. Rc5 h4 48. gxh4 Rxh4 49. Ra5 Rf4 50. Rb5 Kh5 51. Rc5 Kg4 52. Rc3 Kf5 53. Re3 Kg6 54. Rc3 Ra4 55. Re3 Ra6 56. Rc3 f5 57. Rb3 Kh5 58. Rh3+ Kg6 59. Rb3 Re6 60. Rc3 f4 61. Rc8 Kf5 62. Rf8+ Rf6 63. Rg8 Kg4 64. f3+ Kf5 65. Ra8 Rc6 66. Ra5+ Kg6 67. Ra2 Kh5 68. Ra8 Rc2+ 69. Kh3 Rf2 70. Ra3 Rf1 71. Rc3 Rg1 72. Kh2 Rg3 73. Rd3 Kh4 74. Rc3 g4 75. Rd3 Rxf3 76. Rxf3 gxf3 77. Kg1 Kg3 78. Kf1 f2 0-1


[Site "https://www.chess.com"]

[Event "Titled Tuesday Blitz August 02 Late 2022"]
[White "Ernst, Sipke"]
[Black "Zhurbinsky, David"]
[WhiteFideId "1004689"]
[BlackFideId "2072904"]
[WhiteElo "2436"]
[BlackElo "2575"]
[Result "1-0"]
[Round "06"]
[TimeControl "180+1"]
[Date "2022.08.02"]
[WhiteClock "0:00:31"]
[BlackClock "0:00:02"]

1. d4 Nf6 2. c4 e6 3. Nc3 Bb4 4. a3 Bxc3+ 5. bxc3 O-O 6. f3 d5 7. e3 Re8 8. Bd3 c5 9. cxd5 Nxd5 10. Ne2 cxd4 11. cxd4 Nc6 12. O-O e5 13. e4 Nde7 14. d5 Nb8 15. Bg5 f6 16. Be3 Qd6 17. Nc3 a6 18. Qa4 Bd7 19. Qb4 Qxb4 20. axb4 Rc8 21. Rfc1 Be8 22. Kf2 Nd7 23. Na4 Kf7 24. g3 Rxc1 25. Rxc1 Rc8 26. Nc5 Nxc5 27. bxc5 f5 28. Rb1 Rb8 29. Bxa6 Ra8 30. Bc4 Ra2+ 31. Bxa2 1-0


[Site "https://www.chess.com"]

[Event "Titled Tuesday Blitz August 02 Late 2022"]
[White "Fedoseev, Vladimir"]
[Black "Ghaem Maghami, Ehsan"]
[WhiteFideId "24130737"]
[BlackFideId "12500739"]
[WhiteElo "2726"]
[BlackElo "2627"]
[Result "1-0"]
[Round "06"]
[TimeControl "180+1"]
[Date "2022.08.02"]
[WhiteClock "0:00:52"]
[BlackClock "0:00:09"]

1. e4 c6 2. d4 d5 3. exd5 cxd5 4. Bd3 Nc6 5. c3 Nf6 6. Bf4 g6 7. Nd2 Bf5 8. Be2 Qb6 9. Qb3 Nd7 10. Ngf3 Qxb3 11. axb3 f6 12. Bb5 Bg7 13. O-O O-O 14. Rfe1 Kf7 15. b4 Rfc8 16. h3 g5 17. Be3 Nb6 18. Nb3 a6 19. Bf1 Nc4 20. Bxc4 dxc4 21. Nc5 b6 22. Na4 b5 23. Nb6 Rcb8 24. Nxa8 Rxa8 25. d5 Nd8 26. Bb6 Bd7 27. Bxd8 Rxd8 28. Rxa6 Be8 29. d6 Rxd6 30. Rxd6 exd6 31. Nd4 Bd7 32. Ra1 f5 33. Ra7 Ke8 34. Nxf5 Be5 35. Ne3 h5 36. Nd5 Bc6 37. Nc7+ Kd8 38. Ne6+ Ke8 39. Nxg5 Bf4 40. Ne6 Bc1 41. Nd4 Bd7 42. Ne2 Bxb2 43. Ra2 1-0


[Site "https://www.chess.com"]

[Event "Titled Tuesday Blitz August 02 Late 2022"]
[White "Fernandez, Fernando"]
[Black "Pakleza, Zbigniew"]
[WhiteFideId "3802299"]
[BlackFideId "1119290"]
[WhiteElo "2292"]
[BlackElo "2467"]
[Result "0-1"]
[Round "06"]
[TimeControl "180+1"]
[Date "2022.08.02"]
[WhiteClock "0:00:02"]
[BlackClock "0:00:31"]

1. c4 c6 2. Nf3 d5 3. e3 Nf6 4. Nc3 Bg4 5. cxd5 Bxf3 6. Qxf3 cxd5 7. Bb5+ Nc6 8. O-O e6 9. b3 Be7 10. Bb2 O-O 11. Rac1 Rc8 12. Ne2 Qa5 13. a4 Ne4 14. d3 Bf6 15. Bxf6 Nxf6 16. Bxc6 bxc6 17. Rc2 Qb6 18. Rb1 c5 19. Rcc1 Rc7 20. g4 Rfc8 21. g5 Nd7 22. h4 Ne5 23. Qg3 Nxd3 24. Rd1 Nb4 25. Nf4 Qd6 26. h5 c4 27. bxc4 Rxc4 28. g6 a5 29. gxh7+ Kxh7 30. Kh2 Qe5 31. Rg1 Rc2 32. Rg2 d4 33. exd4 Qxd4 34. Re1 R8c3 35. Qg5 Rxf2 0-1


[Site "https://www.chess.com"]

[Event "Titled Tuesday Blitz August 02 Late 2022"]
[White "Grischuk, Alexander"]
[Black "Chigaev, Maksim"]
[WhiteFideId "4126025"]
[BlackFideId "4108116"]
[WhiteElo "2762"]
[BlackElo "2438"]
[Result "0-1"]
[Round "06"]
[TimeControl "180+1"]
[Date "2022.08.02"]
[WhiteClock "0:00:02"]
[BlackClock "0:00:05"]

1. d4 Nf6 2. c4 g6 3. Bg5 Bg7 4. Nc3 O-O 5. e4 d6 6. Qd2 Qe8 7. Bd3 e5 8. d5 a5 9. Nge2 Na6 10. f3 Bd7 11. O-O c6 12. Rfc1 cxd5 13. cxd5 Nc5 14. Bc2 b5 15. Be3 b4 16. Nd1 Bb5 17. Bxc5 dxc5 18. Bd3 Rc8 19. b3 h5 20. Bxb5 Qxb5 21. Nb2 Rfd8 22. Rc2 Kh7 23. Rd1 Ne8 24. Qd3 Qb6 25. Nc4 Qa7 26. Kh1 Nd6 27. Nxd6 Rxd6 28. Ng3 Bh6 29. Nf1 c4 30. Rxc4 Rxc4 31. Qxc4 Qf2 32. Qc7 Rf6 33. Qxe5 Rxf3 34. Qa1 Rc3 35. Nd2 Rc2 36. d6 Rxd2 37. Rxd2 Qxd2 38. e5 Bf4 39. h3 Qd5 40. Qf1 Bxe5 0-1


[Site "https://www.chess.com"]

[Event "Titled Tuesday Blitz August 02 Late 2022"]
[White "Harsha Bharathakoti"]
[Black "Bartholomew, John"]
[WhiteFideId "5078776"]
[BlackFideId "2019353"]
[WhiteElo "2575"]
[BlackElo "2714"]
[Result "0-1"]
[Round "06"]
[TimeControl "180+1"]
[Date "2022.08.02"]
[WhiteClock "0:00:08"]
[BlackClock "0:00:34"]

1. c4 c6 2. Nf3 d5 3. d4 Nf6 4. Nc3 dxc4 5. a4 Bf5 6. Ne5 Nbd7 7. Nxc4 Nb6 8. Ne5 a5 9. h4 h6 10. f3 Bh7 11. e4 e6 12. Be3 Nfd7 13. Qb3 Nxe5 14. dxe5 Bb4 15. Rd1 Qc7 16. Kf2 Nd7 17. Na2 Bc5 18. Bxc5 Nxc5 19. Qc3 Nxa4 20. Qd4 Qb6 21. Be2 Ke7 22. Qxb6 Nxb6 23. Rd3 Nd7 24. Rb3 Rhb8 25. Nc3 Nxe5 26. Na4 Nd7 27. Rc1 f6 28. Ke3 e5 29. Rd3 b5 30. Nc5 Nxc5 31. Rxc5 Rb6 32. Rdc3 Kd6 33. f4 Bg8 34. fxe5+ fxe5 35. Rc1 Bc4 0-1


[Site "https://www.chess.com"]

[Event "Titled Tuesday Blitz August 02 Late 2022"]
[White "Harshavardhan G B"]
[Black "Rasulov, Vugar"]
[WhiteFideId "25059009"]
[BlackFideId "13402390"]
[WhiteElo "1831"]
[BlackElo "2523"]
[Result "0-1"]
[Round "06"]
[TimeControl "180+1"]
[Date "2022.08.02"]
[WhiteClock "0:00:03"]
[BlackClock "0:00:09"]

1. e4 e5 2. Nc3 Nf6 3. Bc4 Nxe4 4. Qh5 Nd6 5. Bb3 Nc6 6. Nb5 g6 7. Qf3 f5 8. Qd5 Qe7 9. Nxc7+ Kd8 10. Nxa8 b6 11. Qd3 Bb7 12. Qh3 Bxa8 13. Ne2 h5 14. d3 g5 15. Bd2 g4 16. Qe3 Bh6 17. f4 gxf3 18. Qxf3 Bxd2+ 19. Kxd2 e4 20. Qf4 Ne5 21. Rae1 Re8 22. Nd4 Ng6 23. Qg3 Qf6 24. Rhf1 f4 25. Qh3 Qxd4 26. Qxh5 Ne5 27. Qg5+ Kc8 28. Kc1 exd3 29. Qxf4 Ne4 30. Rd1 d2+ 31. Kb1 Bc6 32. c3 Qc5 33. Bc2 Nc4 34. Qf7 Ned6 35. Qg6 Ne3 36. Qd3 Nxd1 37. Rxd1 Nc4 38. b3 Na3+ 39. Kb2 Nxc2 40. Qxc2 Bxg2 41. Qxd2 Bc6 42. Re1 Rf8 43. Re2 Kb7 44. a4 a5 45. h4 Rf1 46. Re3 Qh5 47. Re2 Qxh4 48. Qe3 Qh1 49. Rd2 Rb1+ 50. Kc2 Be4+ 0-1


[Site "https://www.chess.com"]

[Event "Titled Tuesday Blitz August 02 Late 2022"]
[White "Harvey, Marcus R"]
[Black "Espinosa Veloz, Ermes"]
[WhiteFideId "400092"]
[BlackFideId "3507424"]
[WhiteElo "2485"]
[BlackElo "2333"]
[Result "1-0"]
[Round "06"]
[TimeControl "180+1"]
[Date "2022.08.02"]
[WhiteClock "0:00:11"]
[BlackClock "0:00:30"]

1. f4 Nf6 2. Nf3 g6 3. g3 Bg7 4. d3 d5 5. Bg2 O-O 6. O-O c5 7. c3 Nc6 8. Qc2 Qc7 9. Na3 a6 10. e4 c4 11. dxc4 dxe4 12. Ng5 Qb6+ 13. Kh1 Bf5 14. Nxe4 Ng4 15. Qe2 Rad8 16. h3 Nf6 17. Nf2 e5 18. fxe5 Nxe5 19. Be3 Qa5 20. g4 Be6 21. Bd4 Nc6 22. Bxf6 Bxf6 23. Ne4 Bg7 24. Nf6+ Kh8 25. Qf2 Qg5 26. Ne4 Qh6 27. Kg1 f5 28. Nc5 fxg4 29. Nxe6 Rxf2 30. Rxf2 gxh3 31. Nxd8 hxg2 32. Nf7+ Kg8 33. Nxh6+ Bxh6 34. Rxg2 Ne5 35. Rf1 Be3+ 36. Kh1 Kg7 37. Re2 Ng4 38. Nc2 Bg5 39. Rg1 h5 40. Rxg4 hxg4 41. Nd4 Kf6 42. Kg2 Bf4 43. c5 Kg5 44. c6 bxc6 45. Ne6+ 1-0


[Site "https://www.chess.com"]

[Event "Titled Tuesday Blitz August 02 Late 2022"]
[White "Ibarra Jerez, Jose Carlos"]
[Black "Bilych, Olexiy"]
[WhiteFideId "2226332"]
[BlackFideId "14156504"]
[WhiteElo "2628"]
[BlackElo "2189"]
[Result "1-0"]
[Round "06"]
[TimeControl "180+1"]
[Date "2022.08.02"]
[WhiteClock "0:01:43"]
[BlackClock "0:00:52"]

1. e4 e5 2. Nf3 Nc6 3. d4 exd4 4. Nxd4 Bc5 5. Nb3 Bb6 6. Qe2 d6 7. Nc3 Nf6 8. Be3 Be6 9. O-O-O Qe7 10. g3 O-O-O 11. Bg2 Rhe8 12. Bxb6 axb6 13. Rhe1 Kb8 14. h3 g5 15. Qb5 Ne5 16. Nd4 Bd7 17. Qb3 Be6 18. Qa3 c6 19. b3 Bc8 20. f4 gxf4 21. gxf4 Ng6 22. Ncb5 cxb5 23. Nxb5 1-0


[Site "https://www.chess.com"]

[Event "Titled Tuesday Blitz August 02 Late 2022"]
[White "Kosteniuk, Alexandra"]
[Black "Paiva, Henrique M A Albergaria"]
[WhiteFideId "4128125"]
[BlackFideId "1920995"]
[WhiteElo "2469"]
[BlackElo "1975"]
[Result "1-0"]
[Round "06"]
[TimeControl "180+1"]
[Date "2022.08.02"]
[WhiteClock "0:00:26"]
[BlackClock "0:00:03"]

1. e4 c5 2. c3 d5 3. exd5 Qxd5 4. d4 e6 5. Nf3 Nf6 6. Be2 cxd4 7. cxd4 Nc6 8. Nc3 Bb4 9. O-O Qd8 10. Bg5 h6 11. Bh4 O-O 12. Bd3 Be7 13. Rc1 a6 14. Bb1 Nd5 15. Bg3 Bg5 16. Nxg5 Qxg5 17. Ne4 Qd8 18. Bd6 Re8 19. Ba3 e5 20. dxe5 Rxe5 21. Nd6 Nf4 22. Re1 Qg5 23. Qf3 Bg4 24. h4 Bxf3 25. hxg5 Ne2+ 26. Kf1 Nxc1 27. gxf3 Rxe1+ 28. Kxe1 Rd8 29. gxh6 gxh6 30. Kd2 b5 31. Bc5 Ne5 32. Kxc1 Nxf3 33. Be4 Ne5 34. f4 Nc4 35. Nxc4 bxc4 36. Bf3 Rc8 37. Bd4 Rd8 38. Be5 Rd3 39. Be2 Re3 40. Bxc4 h5 41. Kd2 Rg3 42. Bxa6 h4 43. f5 Rg2+ 44. Kc3 h3 45. Bb7 Rf2 46. f6 Rf5 47. Kd4 Kh7 48. Be4 1-0


[Site "https://www.chess.com"]

[Event "Titled Tuesday Blitz August 02 Late 2022"]
[White "Kravtsiv, Martyn"]
[Black "Steinberg, Nitzan"]
[WhiteFideId "14113147"]
[BlackFideId "2801795"]
[WhiteElo "2694"]
[BlackElo "2471"]
[Result "0-1"]
[Round "06"]
[TimeControl "180+1"]
[Date "2022.08.02"]
[WhiteClock "0:00:18"]
[BlackClock "0:00:37"]

1. e4 c5 2. Nf3 e6 3. d4 cxd4 4. Nxd4 Nc6 5. Nc3 Qc7 6. Be2 a6 7. O-O Nf6 8. Be3 Be7 9. f4 d6 10. Kh1 O-O 11. Qe1 Bd7 12. Qg3 b5 13. a3 Nxd4 14. Bxd4 Bc6 15. Rae1 Qb7 16. Bd3 b4 17. axb4 Qxb4 18. Ne2 Qb7 19. Ng1 Rac8 20. b3 a5 21. Nf3 a4 22. bxa4 Bxa4 23. Qh3 Bxc2 24. Bxc2 Rxc2 25. e5 dxe5 26. fxe5 Nd5 27. Qg4 h6 28. h4 Qb5 29. Rb1 Qd3 30. Rbd1 Qh7 31. h5 Rb8 32. Ng1 Ra2 33. Ne2 Qc2 34. Ng1 Bg5 35. Qf3 Nf4 36. Rf2 Qc4 37. Rxa2 Qxa2 38. Be3 Rb3 39. Qe4 Rxe3 0-1


[Site "https://www.chess.com"]

[Event "Titled Tuesday Blitz August 02 Late 2022"]
[White "Livaic, Leon"]
[Black "Bortnyk, Olexandr"]
[WhiteFideId "14531534"]
[BlackFideId "14120828"]
[WhiteElo "2540"]
[BlackElo "2723"]
[Result "0-1"]
[Round "06"]
[TimeControl "180+1"]
[Date "2022.08.02"]
[WhiteClock "0:00:32"]
[BlackClock "0:00:32"]

1. d4 d6 2. e4 Nf6 3. f3 Nbd7 4. c4 e5 5. d5 Be7 6. Nc3 a5 7. Be3 Nc5 8. Qd2 a4 9. Nge2 Nfd7 10. Nc1 O-O 11. Nd3 f5 12. exf5 Rxf5 13. Nxc5 Nxc5 14. Bxc5 dxc5 15. Bd3 Bh4+ 16. g3 Rxf3 17. gxh4 Qxh4+ 18. Kd1 a3 19. Kc2 Rf2 20. Be2 Bf5+ 21. Kb3 axb2 22. Kxb2 Qxc4 23. Bxc4 Rxd2+ 24. Kb3 Bc2+ 25. Kb2 Bd3+ 26. Kb3 Bxc4+ 27. Kxc4 Ra3 28. Rac1 Rd4+ 29. Kxc5 Ra6 30. Nb5 Rc6+ 0-1


[Site "https://www.chess.com"]

[Event "Titled Tuesday Blitz August 02 Late 2022"]
[White "Lobanov, Sergei"]
[Black "Swiercz, Dariusz"]
[WhiteFideId "24183750"]
[BlackFideId "1126881"]
[WhiteElo "2524"]
[BlackElo "2627"]
[Result "1/2-1/2"]
[Round "06"]
[TimeControl "180+1"]
[Date "2022.08.02"]
[WhiteClock "0:00:03"]
[BlackClock "0:00:06"]

1. Nf3 Nc6 2. d4 d5 3. g3 Bf5 4. Bg2 Nb4 5. Na3 e6 6. O-O h6 7. c4 c6 8. Bd2 a5 9. Qb3 Nf6 10. Ne5 Be7 11. c5 Nd7 12. Nxd7 Qxd7 13. Bxb4 axb4 14. Nc2 O-O 15. Nxb4 Bf6 16. e3 e5 17. dxe5 Bxe5 18. Rfd1 Qe7 19. Nd3 Bxd3 20. Rxd3 Qxc5 21. Rad1 Qe7 22. e4 dxe4 23. Bxe4 Bxg3 24. Re3 Be5 25. f4 Rad8 26. fxe5 Qg5+ 27. Rg3 Rxd1+ 28. Qxd1 Qxe5 29. Qc2 Re8 30. Bg2 Qd4+ 31. Kf1 Qe5 32. Bf3 h5 33. Qc3 Qxc3 34. bxc3 h4 35. Rh3 Re3 36. Bg2 Re5 37. Rxh4 Ra5 38. a4 Rc5 39. Rb4 Rxc3 40. Rxb7 c5 41. a5 Ra3 42. Ra7 c4 43. a6 c3 44. Be4 g6 45. Ra8+ Kg7 46. Ke2 Ra2+ 47. Kd3 Ra3 48. Kc2 f5 49. Bd5 Kh6 50. Bb3 f4 51. Kxc3 f3 52. Kb4 f2 53. Rf8 Rxa6 54. Rxf2 Kg5 55. h3 Kh4 56. Rf3 g5 57. Rd3 Rf6 58. Bc2 Rf2 59. Kc3 Rh2 60. Rd4+ Kxh3 61. Bf5+ Kg3 62. Rg4+ Kf3 63. Kd3 Rh4 64. Rxg5 Kf4 65. Rg4+ Rxg4 66. Bxg4 1/2-1/2


[Site "https://www.chess.com"]

[Event "Titled Tuesday Blitz August 02 Late 2022"]
[White "Maksimovic, Bojan"]
[Black "Bick, Gabriel James Koop"]
[WhiteFideId "14408120"]
[BlackFideId "2084058"]
[WhiteElo "2453"]
[BlackElo "2466"]
[Result "1-0"]
[Round "06"]
[TimeControl "180+1"]
[Date "2022.08.02"]
[WhiteClock "0:00:05"]
[BlackClock "0:00:03"]

1. d4 Nf6 2. c4 e6 3. Nf3 d5 4. g3 dxc4 5. Bg2 Bb4+ 6. Bd2 a5 7. Qc2 Bxd2+ 8. Nbxd2 b5 9. a4 c6 10. b3 cxb3 11. Nxb3 Ba6 12. O-O O-O 13. Nc5 bxa4 14. Nxa6 Rxa6 15. Rxa4 Nbd7 16. Rfa1 Qb6 17. Nd2 Rfa8 18. Nb3 Nd5 19. e3 R6a7 20. h4 g6 21. Bf3 e5 22. Kg2 exd4 23. Nxd4 Ne5 24. Nxc6 Nxc6 25. Bxd5 Nb4 26. Rxb4 axb4 27. Rb1 Rb8 28. e4 Rc7 29. Qd2 Rc3 30. Qf4 Qc7 31. Qf6 Rc2 32. Rb3 Rc3 33. Rb2 Rc5 34. Rb3 Rc3 35. Rb1 Rc5 36. h5 Rxd5 37. exd5 Qd7 38. Rd1 Qd8 39. Qf4 b3 40. h6 Qe8 41. Qf6 Qe4+ 42. Kh2 1-0


[Site "https://www.chess.com"]

[Event "Titled Tuesday Blitz August 02 Late 2022"]
[White "Martinez Alcantara, Jose Eduardo"]
[Black "Izoria, Zviad"]
[WhiteFideId "3805662"]
[BlackFideId "13601733"]
[WhiteElo "2703"]
[BlackElo "2626"]
[Result "1-0"]
[Round "06"]
[TimeControl "180+1"]
[Date "2022.08.02"]
[WhiteClock "0:00:24"]
[BlackClock "0:00:13"]

1. e4 c5 2. Nf3 a6 3. c3 e6 4. d4 d5 5. e5 Bd7 6. Na3 cxd4 7. cxd4 Bb4+ 8. Bd2 Qa5 9. Nc2 Bxd2+ 10. Qxd2 Qxd2+ 11. Kxd2 Ne7 12. a4 Nbc6 13. Bd3 f6 14. b4 Kf7 15. Rhe1 h6 16. h4 Rhc8 17. g4 Ng6 18. exf6 gxf6 19. g5 Nf4 20. gxf6 Nxd3 21. Kxd3 Kxf6 22. Kd2 Be8 23. Ne3 Bh5 24. b5 Na5 25. Ne5 Nb3+ 26. Kd3 Nxa1 27. Rxa1 axb5 28. a5 b4 29. Nd7+ Ke7 30. Nb6 Rc3+ 31. Kd2 Rf8 32. f4 Rxf4 33. Nexd5+ exd5 34. Nxd5+ Kd6 35. Nxf4 Bf7 36. a6 bxa6 37. Rxa6+ Rc6 38. Ra7 Rc7 39. Ra6+ Rc6 40. Ra8 b3 41. Rb8 Rc2+ 42. Ke3 Rh2 43. d5 b2 44. Ke4 Rxh4 45. Rxb2 Bxd5+ 46. Kf5 Bc6 47. Rd2+ Kc7 48. Rc2 Kd6 49. Rd2+ Ke7 50. Ng6+ Kf7 51. Nxh4 1-0


[Site "https://www.chess.com"]